 Dungeon Crawl Stone Soup version 0.29.1-15-g9cfb28693d (webtiles) character file.

Game seed: 17674620784729559744

1 Parcival the Conjurer (level 1, 0/11 HPs)
             Began as an Octopode Conjurer on Mar 20, 2023.
             Slain by a rat (2 damage)
             ... on level 1 of the Dungeon.
             The game lasted 00:00:37 (134 turns).

Parcival the Conjurer (Octopode Conjurer)            Turns: 134, Time: 00:00:37

Health: 0/11       AC:  1    Str:  6    XL:     1   Next: 20%
Magic:  3/3        EV: 13    Int: 20    God:
Gold:   0          SH:  0    Dex: 10    Spells: 3/4 levels left

rFire   . . .      SeeInvis .   (no weapon)
rCold   . . .      Faith    .   (no shield)
rNeg    . . .      Spirit   .   (helmet restricted)
rPois   .          Reflect  .   (no amulet)
rElec   .          Harm     .   (no ring)
rCorr   .          Rampage  .   (no ring)
Will    .....                   (no ring)
Stlth   +++.......              (no ring)
HPRegen 0.03/turn               (no ring)
MPRegen 0.08/turn               (no ring)
                                (no ring)
                                (no ring)

@: no status effects
A: almost no armour, amphibious, 8 rings, camouflage 1, gelatinous body 1,
(nimble swimmer 1), tentacles
a: no special abilities


You were on level 1 of the Dungeon.
You visited 1 branch of the dungeon, and saw 1 of its levels.

Inventory:

Potions
 a - a potion of magic
 b - a potion of haste
 c - a potion of degeneration {unknown}


   Skills:
 + Level 2.0 Dodging
 + Level 2.7 Stealth
 + Level 2.0 Spellcasting
 + Level 4.0 Conjurations


You had 3 spell levels left.
You knew the following spells:

 Your Spells              Type           Power      Damage    Failure   Level
a - Magic Dart            Conj           72%        1d6       3%          1

Your spell library contained the following spells:

 Spells                   Type           Power      Damage    Failure   Level
 Searing Ray              Conj           36%        2d5       4%          2
 Dazzling Flash           Conj/Hex       20%        N/A       21%         3
 Fulminant Prism          Conj/Hex       5%         3d7       56%         4
 Iskenderun's Mystic Bla  Conj/Tloc      10%        2d4       56%         4


Dungeon Overview and Level Annotations

Branches:
Dungeon (1/15)

Altars:


Innate Abilities, Weirdness & Mutations

You cannot wear most types of armour.
You are amphibious.
You can wear up to eight rings at the same time.
Your skin changes colour to match your surroundings (Stealth+).
Your rubbery body absorbs attacks. (AC +1, EV +1)
((You are camouflaged when in or above water. (Stealth+)))
You have tentacles for arms and can constrict up to eight enemies at once.


Message History

You squeeze the hobgoblin, but do no damage.
The hobgoblin is almost dead.
You constrict the hobgoblin.
You kill the hobgoblin!
Magic restored.
A rat comes into view.
Found a scroll labelled YDUWIS UVVAEBU.
A rat is nearby!
The rat barely misses you. The rat bites you. The rat bites you.
The rat bites you but does no damage. The rat barely misses you.
The rat closely misses you. The rat closely misses you.
The rat barely misses you. The rat bites you. The rat bites you.
The rat misses you. The rat barely misses you. The rat barely misses you.
The rat misses you. The rat bites you but does no damage.
The rat closely misses you. The rat bites you.
* * * LOW HITPOINT WARNING * * *
The rat closely misses you. The rat closely misses you. The rat bites you.
* * * LOW HITPOINT WARNING * * *
The rat bites you but does no damage. The rat closely misses you.
The rat bites you.
* * * LOW HITPOINT WARNING * * *
The rat closely misses you. The rat completely misses you. The rat misses you.
The rat closely misses you. The rat bites you.
You die...

#..............##
####~~#~#
.#......#.##...##
#~##~#
#.................
#≈~~#~ #
##.....####...####
######
##.##.)..######.##
.......#........#
####....####...#
#.#.#####.#.####
#.#.....@......# #
#######r..##.#
.### .# .# .? ..
..


You could see a rat.

Vanquished Creatures
  A hobgoblin (D:1)
1 creature vanquished.

Notes
Turn   | Place    | Note
-------+----------+-------------------------------------------
     0 | D:1      | Parcival the Octopode Conjurer began the quest for the Orb.
     0 | D:1      | Reached XP level 1. HP: 11/11 MP: 3/3
   134 | D:1      | Slain by a rat

Illustrated notes

Levels and vault maps discovered:
D:1:      ncdulo_wetmaze, layout_loops_ring, chequers_ecumenical_altar_simple

Action                   || total
-------------------------++-------
Melee: Unarmed           ||     1
       Constrict         ||     1
       Tentacles         ||     1
 Cast: Magic Dart        ||     3
  Use: Scroll            ||     1
Armor: Skin              ||     3
Dodge: Dodged            ||    17
